 Dungeon Crawl Stone Soup version 0.16.1-16-gc44b35d (webtiles) character file.

29223 jacksonaction the Unseen (level 13, -18/57 HPs)
             Began as a Spriggan Assassin on Apr 15, 2015.
             Was an Initiate of Gozag.
             Killed from afar by an ice dragon (38 damage)
             ... with a blast of cold
             ... on level 6 of the Lair of Beasts.
             The game lasted 02:54:47 (24412 turns).

jacksonaction the Unseen (Spriggan Assassin)       Turns: 24412, Time: 02:54:47

Health: -18/57     AC: 11    Str:  7    XL:     13   Next: 14%
Magic:  22/22      EV: 29    Int: 14    God:    Gozag
Gold:   1168       SH:  8    Dex: 21    Spells: 0 memorised, 12 levels left

rFire  . . .     SeeInvis +     b - +0 blowgun
rCold  . . .     Clarity  .     i - +1 robe {MR+}
rNeg   . . .     SustAb   .     t - +2 buckler
rPois  .         Gourm    .     (helmet restricted)
rElec  .         Spirit   .     d - +0 cloak
rCorr  .         Warding  .     (gloves unavailable)
rMut   .         Stasis   .     (boots unavailable)
MR     +++..                    (no amulet)
Stlth  ++++++++..               F - +3 ring of protection
                                K - +4 ring of protection

@: very quick, extremely resistant to hostile enchantments, extraordinarily
stealthy
A: unfitting armour, see invisible, herbivore 3, speed 3, slow metabolism 2
a: Potion Petition, Call Merchant, Bribe Branch, Renounce Religion


You were on level 6 of the Lair of Beasts.
You worshipped Gozag.
Gozag was noncommittal.
You were not hungry.

You visited 3 branches of the dungeon, and saw 16 of its levels.
You also visited: Ice Cave.

You collected 3690 gold pieces.
You paid 2522 gold pieces to Gozag.

Inventory:

Hand weapons
 a - a +5 dagger of flaming
 b - a +0 blowgun (weapon)
Missiles
 e - 23 poisoned needles (quivered)
 p - 2 tomahawks
Armour
 d - a +0 cloak (worn)
 i - a +1 robe of magic resistance (worn)
 t - a +2 buckler (worn)
Jewellery
 F - a +3 ring of protection (right hand)
 G - an uncursed amulet of stasis
 K - a +4 ring of protection (left hand)
 X - an uncursed amulet of regeneration
Magical devices
 c - a wand of slowing (2)
 E - a wand of slowing (10)
 L - a wand of cold (6)
 P - a wand of teleportation (3)
 S - a wand of digging (7)
 U - a wand of paralysis (13)
 W - a wand of disintegration (13)
Scrolls
 f - 2 scrolls of recharging
 l - a scroll of vulnerability {unknown}
 n - 9 scrolls of teleportation
 q - 4 scrolls of fog
 r - 11 scrolls of remove curse
 y - 2 scrolls of amnesia
 A - 2 scrolls of magic mapping
 C - 3 scrolls of blinking
 J - 3 scrolls of fear
 R - a scroll of enchant armour {unknown}
Potions
 h - 2 potions of heal wounds
 m - 2 potions of might
 o - 4 potions of poison {unknown}
 s - 5 potions of restore abilities
 u - 3 potions of curing {unknown}
 v - 3 potions of berserk rage {unknown}
 x - 4 potions of agility {unknown}
 z - 2 potions of cure mutation {unknown}
 D - a potion of magic {unknown}
 H - 3 potions of haste {unknown}
 M - a potion of resistance {unknown}
 O - a potion of brilliance {unknown}
 Q - a potion of ambrosia {unknown}
 T - a potion of lignification {unknown}
Books
 j - a book of Frost

   Spells                             Type                      Level
   a - Freeze                         Ice                          1
   b - Throw Frost                    Conjuration/Ice              2
   c - Ozocubu's Armour               Charms/Ice                   3
   d - Throw Icicle                   Conjuration/Ice              4
   e - Summon Ice Beast               Ice/Summoning                4
   f - Condensation Shield            Ice                          4
 k - a book of Ice

   Spells                             Type                      Level
   a - Ice Form                       Ice/Transmutation            4
   b - Metabolic Englaciation         Hexes/Ice                    5
   c - Ozocubu's Refrigeration        Ice                          6
   d - Bolt of Cold                   Conjuration/Ice              6
   e - Freezing Cloud                 Conjuration/Ice/Air          6
   f - Simulacrum                     Ice/Necromancy               6
 B - a book of Power

   Spells                             Type                      Level
   a - Fulminant Prism                Conjuration/Hexes            4
   b - Iskenderun's Mystic Blast      Conjuration                  4
   c - Venom Bolt                     Conjuration/Poison           5
   d - Bolt of Magma                  Conjuration/Fire/Earth       5
   e - Iron Shot                      Conjuration/Earth            6
   f - Orb of Destruction             Conjuration                  7
   g - Spellforged Servitor           Conjuration/Summoning        7
Comestibles
 g - 7 bread rations
 N - a royal jelly


   Skills:
 - Level 1.5 Fighting
 + Level 14.9 Short Blades
 - Level 13.0 Throwing
 - Level 11.0 Dodging
 - Level 16.0 Stealth


You had 12 spell levels left.
You didn't know any spells.

Dungeon Overview and Level Annotations

Branches:
Dungeon (9/15)             Temple (1/1) D:5            Lair (6/8) D:9
  Swamp (0/5) Lair:6       Spider (0/5) Lair:4
  Slime: Lair:6-8       Orc: D:9-12

Altars:
Ashenzari
Cheibriados
Dithmenos
Elyvilon
Fedhas
Gozag
Kikubaaqudgha
Makhleb
Nemelex Xobeh
Okawaru
Qazlal
Ru
Sif Muna
Trog
Vehumet
Xom
Yredelemnul
Zin
The Shining One

Shops:
D:6 (   D:9 *   D:11 =   D:12 *

Annotations:
Lair:2 Fannar
Lair:6 exclusion: oklob plant


Innate Abilities, Weirdness & Mutations

You are tiny and cannot use many weapons and most armour.
You have supernaturally acute eyesight.
You are a herbivore.
You cover ground extremely quickly.
You need consume almost no food.


Message History

You kill the white imp!
You start resting.
HP restored.
Wield which item (- for none, * to show all)? (? for menu, Esc to quit)
Your +5 dagger of flaming stops flaming.
b - a +0 blowgun (weapon)
Firing (i - inventory. (,) - cycle):
V - a needle of sleeping (quivered)
Press: ? - help, Shift-Dir - straight line, f - ice dragon
Aim: an ice dragon (hasn't noticed you)
You shoot a needle of sleeping.
The needle of sleeping closely misses the ice dragon.
The ice dragon breathes frost at you. The blast of cold hits you!
Ouch! That really hurt!
Unknown command.
The ice dragon breathes frost at you. The blast of cold hits you!
Ouch! That really hurt!
You die...
Your body crumbles into a pile of gold.

## #.............## #
#.. ##...###...#P..###
#.###...#.#....P......
#....#..P..##....≈....
###..#............≈≈≈.
#....#≈≈≈...⌠..≈≈≈≈≈≈
##....≈≈≈≈≈(...≈≈≈#≈#
##..≈≈≈≈≈≈≈...≈≈≈≈.≈
#.@.≈≈≈≈######≈≈≈≈≈
#P...≈≈≈≈### ##≈#≈≈
##..#≈≈#.≈..#≈.#≈≈≈
###..≈#$). ##≈≈
#...≈#$. #≈.
###..D≈#$[#######≈.
#.#.≈≈≈#$##≈#≈≈≈≈≈.
##..≈≈≈#(#≈≈≈≈≈≈≈≈≈
##..≈≈#.≈≈≈..≈≈≈≈≈


You could see an ice dragon.

Vanquished Creatures
  Harold (Lair:3)
  3 hydras
  3 death yaks (Lair:4)
  A necromancer (IceCv)
  A griffon (Lair:4)
  9 elephants
  A black mamba (Lair:2)
  5 spiny frogs
  A fire drake (Lair:1)
  3 komodo dragons
  10 freezing wraiths (IceCv)
  A wolf spider simulacrum (IceCv)
  A queen bee (D:9)
  3 blink frogs (Lair:3)
  A deep elf mage (D:9)
  24 yaks
  3 hippogriffs
  11 wolves
  A death yak simulacrum (IceCv)
  Edmund (D:8)
  4 swamp worms (Lair:6)
  6 porcupines
  4 sky beasts
  5 water moccasins
  6 ice beasts (IceCv)
  2 orc warriors
  2 phantoms
  4 ogres
  A boring beetle (Lair:6)
  8 crocodiles
  4 centaurs
  Duvessa (D:4)
  11 giant frogs
  4 scorpions
  5 wights (D:8)
  22 killer bees (D:9)
  An electric eel (Lair:6)
  Dowan (D:4)
  7 goliath beetles
  2 crimson imps
  A gnoll shaman (D:5)
  3 orc priests
  4 draconian simulacra (IceCv)
  11 hounds
  8 iguanas
  2 jellies (D:6)
  7 worker ants
  Natasha (thrice) (D:5)
  2 orc wizards
  3 troll simulacra (IceCv)
  A wolf simulacrum (IceCv)
  19 sheep
  3 spriggan simulacra (IceCv)
  A polar bear simulacrum (IceCv)
  A mummy (D:6)
  10 gnolls
  A worker ant zombie (D:7)
  14 adders
  4 naga simulacra (IceCv)
  4 ogre simulacra (IceCv)
  33 river rats
  5 giant mites
  A shadow imp (D:8)
  13 white imps
  8 worms
  An adder zombie (D:7)
  An adder skeleton (D:4)
  4 giant geckos
  3 oozes
  27 orcs
  A bat skeleton (D:6)
  5 giant cockroaches
  7 goblins
  18 hobgoblins
  20 quokkas
  13 bats
  3 giant newts
  A giant spore (D:6)
  7 jackals
  11 kobolds
  A quokka skeleton (D:4)
  13 rats
  A ballistomycete (D:6)
  2 fungi
  A plant (Lair:6)
486 creatures vanquished.

Vanquished Creatures (others)
  A giant mite (D:4)
  A quokka (Lair:2)
  A giant spore (D:6)
  A fungus (Lair:1)
  4 plants
8 creatures vanquished.

Grand Total: 494 creatures vanquished

Notes
Turn   | Place    | Note
--------------------------------------------------------------
     0 | D:1      | jacksonaction, the Spriggan Assassin, began the quest for the Orb.
     0 | D:1      | Reached XP level 1. HP: 10/10 MP: 2/2
    67 | D:1      | Reached skill level 6 in Stealth
   351 | D:1      | Reached XP level 2. HP: 14/14 MP: 4/4
   827 | D:1      | Reached skill level 7 in Stealth
  1158 | D:1      | Reached XP level 3. HP: 18/18 MP: 6/6
  1453 | D:2      | Reached XP level 4. HP: 22/22 MP: 8/8
  1509 | D:2      | Reached skill level 8 in Stealth
  1790 | D:3      | Found a radiant altar of Vehumet.
  2027 | D:3      | Reached XP level 5. HP: 25/25 MP: 10/10
  2204 | D:3      | Reached skill level 9 in Stealth
  2499 | D:3      | Reached XP level 6. HP: 13/30 MP: 12/12
  2826 | D:4      | Found a sacrificial altar of Ru.
  2854 | D:4      | Reached skill level 5 in Dodging
  2990 | D:4      | Noticed Duvessa
  2993 | D:4      | Noticed Dowan
  3070 | D:4      | Killed Duvessa
  3108 | D:4      | Killed Dowan
  3141 | D:4      | Found a staircase to the Ecumenical Temple.
  3605 | D:4      | Found a glowing silver altar of Zin.
  3650 | D:4      | Reached XP level 7. HP: 33/33 MP: 14/14
  3787 | D:5      | Entered Level 5 of the Dungeon
  4854 | D:5      | Noticed Natasha
  4866 | D:5      | Killed Natasha
  4916 | D:5      | Found a staircase to the Ecumenical Temple.
  4926 | Temple   | Entered the Ecumenical Temple
  4967 | Temple   | Became a worshipper of Gozag Ym Sagoz the Greedy
  5067 | D:5      | Reached XP level 8. HP: 37/37 MP: 16/16
  5356 | D:5      | Found an ancient bone altar of Kikubaaqudgha.
  5511 | D:5      | Noticed Natasha
  5542 | D:5      | Killed Natasha
  5551 | D:5      | Noticed Natasha
  5562 | D:5      | Killed Natasha
  5905 | D:6      | Reached skill level 5 in Short Blades
  6185 | D:6      | Reached skill level 5 in Throwing
  6685 | D:6      | Found a sparkling altar of Nemelex Xobeh.
  6756 | D:6      | Found Koluj Urr's Weapon Shop.
  7784 | D:7      | Reached XP level 9. HP: 41/41 MP: 18/18
  7808 | D:7      | Found a bloodstained altar of Trog.
  7808 | D:7      | Found a white marble altar of Elyvilon.
  7811 | D:7      | Found an iron altar of Okawaru.
  7843 | D:7      | Found a deep blue altar of Sif Muna.
  9305 | D:8      | Reached skill level 10 in Throwing
  9612 | D:8      | Noticed Edmund
  9626 | D:8      | Killed Edmund
  9671 | D:8      | Reached skill level 11 in Throwing
 10040 | D:8      | Found a snail-covered altar of Cheibriados.
 10497 | D:9      | Found a staircase to the Lair.
 10497 | D:9      | Noticed an elephant
 10659 | D:9      | Found a sparkling altar of Nemelex Xobeh.
 10869 | D:9      | Found Xuveud's Assorted Antiques.
 10904 | D:9      | Reached XP level 10. HP: 46/46 MP: 19/19
 11074 | D:9      | Killed an elephant
 11074 | D:9      | Reached skill level 12 in Throwing
 11203 | D:9      | Found a blossoming altar of Fedhas.
 12194 | D:9      | Reached skill level 13 in Throwing
 12728 | Lair:1   | Entered Level 1 of the Lair of Beasts
 13226 | Lair:1   | Reached skill level 10 in Short Blades
 13226 | Lair:1   | Reached XP level 11. HP: 49/49 MP: 20/20
 14780 | Lair:2   | Noticed Fannar
 16239 | Lair:2   | Reached skill level 10 in Stealth
 16485 | Lair:3   | Noticed Harold
 16494 | Lair:3   | Killed Harold
 17320 | Lair:3   | Reached XP level 12. HP: 33/53 MP: 21/21
 17439 | Lair:3   | Noticed a seven-headed hydra
 17606 | Lair:3   | Killed a seven-headed hydra
 17999 | Lair:4   | Found a hole to the Spider Nest.
 18822 | Lair:4   | Noticed a five-headed hydra
 18831 | Lair:4   | Killed a five-headed hydra
 19181 | Lair:4   | Reached skill level 14 in Short Blades
 20794 | Lair:6   | Reached skill level 15 in Stealth
 20844 | Lair:6   | Found a staircase to the Swamp.
 21113 | Lair:6   | Noticed a six-headed hydra
 21123 | Lair:6   | Killed a six-headed hydra
 21284 | Lair:6   | Found a frozen archway.
 21325 | IceCv    | Entered an ice cave
 21341 | IceCv    | Reached skill level 16 in Stealth
 21865 | IceCv    | Reached skill level 10 in Dodging
 23047 | IceCv    | Reached XP level 13. HP: 57/57 MP: 22/22
 23208 | IceCv    | Found an ancient bone altar of Kikubaaqudgha.
 24282 | Lair:6   | Noticed an ice dragon
 24412 | Lair:6   | Killed from afar by an ice dragon

Action                   |  1- 3 |  4- 6 |  7- 9 | 10-12 | 13-15 || total
-------------------------+-------+-------+-------+-------+-------++-------
Melee: Dagger            |   104 |    89 |   367 |  1095 |   202 ||  1857
 Fire: Blowgun           |     9 |    44 |   153 |   152 |    18 ||   376
Throw: Tomahawk          |       |       |   124 |   231 |     7 ||   362
       Throwing net      |       |       |       |    10 |     1 ||    11
Invok: Call Merchant     |       |       |     1 |     2 |       ||     3
Evoke: Wand              |       |       |       |     6 |     7 ||    13
  Use: Scroll            |       |     1 |     7 |    11 |       ||    19
       Potion            |       |       |       |     2 |       ||     2
 Stab: Sleeping          |    16 |    22 |    35 |    66 |     3 ||   142
       Distracted        |       |     1 |     3 |    11 |     2 ||    17
       Held in net/web   |       |       |       |     8 |       ||     8
  Eat: Pizza             |       |       |     3 |     3 |       ||     6
       Fruit             |       |       |     2 |       |       ||     2
       Royal jelly       |       |       |       |     5 |     1 ||     6
